 Seeded DCSS version 0.29-a0-643-ga013cefcf8 (webtiles) character file.

Game seed: 10802498693541890562 (custom seed)

8 wilfster70 the Shield-Bearer (level 2, 29/29 HPs)
             Began as a Troll Fighter on June 19, 2022.
             Quit the game on level 1 of the Dungeon.
             The game lasted 00:00:47 (228 turns).

wilfster70 the Shield-Bearer (Troll Fighter)         Turns: 228, Time: 00:00:47

Health: 29/29      AC:  5    Str: 23    XL:     2   Next: 0%
Magic:  1/1        EV:  9    Int:  4    God:
Gold:   14         SH:  9    Dex: 18    Spells: 1/1 levels left

rFire   . . .      SeeInvis .     - Unarmed
rCold   . . .      Faith    .   b - +0 kite shield
rNeg    . . .      Spirit   .   a - +0 robe
rPois   .          Reflect  .   e - +1 hat "Boagodig" {Dex+9}
rElec   .          Harm     .   (no cloak)
rCorr   .          Rampage  .   (gloves unavailable)
Will    .....                   (boots unavailable)
Stlth   ++........              (no amulet)
HPRegen 0.89/turn               (no ring)
MPRegen 0.07/turn               (no ring)

@: no status effects
A: large, unfitting armour, claws 3, regeneration 1, shaggy fur 1, tough skin 1
a: no special abilities


You were on level 1 of the Dungeon.
You visited 1 branch of the dungeon, and saw 1 of its levels.

You collected 14 gold pieces.

Inventory:

Armour
 a - a +0 robe (worn)
 b - a +0 kite shield (worn)
 e - the +1 hat "Boagodig" (worn) {Dex+9}
   (You acquired it on level 1 of the Dungeon)

   Dex:       It affects your dexterity (+9).
Scrolls
 f - a scroll of fog {unknown}
Potions
 c - a potion of might
 d - a potion of degeneration {unknown}


   Skills:
 + Level 2.5 Fighting
 + Level 2.5 Dodging
 + Level 2.8 Shields
 + Level 2.2 Unarmed Combat


You had one spell level left.
You didn't know any spells.
Your spell library was empty.

Dungeon Overview and Level Annotations

Branches:
Dungeon (1/15)

Altars:


Innate Abilities, Weirdness & Mutations

You are too large for most types of armour.
You have claws for hands.
Your natural rate of healing is unusually fast.
You are covered in fur. (AC +1)
You have tough skin. (AC +1)


Message History

The kobold shouts! 2 jackals and an endoplasm come into view.
A rat comes into view.
You block the kobold's attack.
You scratch the kobold.
The kobold is severely wounded.
You block the kobold's attack.
You barely miss the kobold.
The kobold is severely wounded.
You block the kobold's attack.
You barely miss the kobold.
The kobold is severely wounded.
You block the kobold's attack.
You scratch the kobold.
You kill the kobold!
Things that are here:
a +0 dagger; a kobold corpse The endoplasm quivers.
The jackal barks!
The jackal barks!
You claw the jackal!
You kill the jackal!
You barely miss the jackal. The jackal bites you.
You block the jackal's attack.
You claw the jackal!
You kill the jackal!
The endoplasm freezes you.
You are frozen.
You claw the endoplasm!
You kill the endoplasm!
You start resting.
HP restored.
You start waiting.
An endoplasm is nearby!
The endoplasm quivers.
The endoplasm hits you but does no damage.
You claw the endoplasm!
You kill the endoplasm!
You have reached level 2!
Are you sure you want to abandon this character and quit the game? (Confirm with "yes".)

##...## .#.....##
....... ..... ...
##### #.#
......#####.##
#........########
#######..@.......
#)########. #.#
#######.#
........#####..
#######........
..#######..#...♣♣♣
♣♣
.............♣.♣
♣♣♣♣♣.
.########.....♣.♣
♣♣♣♣....♣


There were no monsters in sight!

Vanquished Creatures
  2 endoplasms (D:1)
  3 jackals (D:1)
  A kobold (D:1)
6 creatures vanquished.

Notes
Turn   | Place    | Note
-------+----------+-------------------------------------------
     0 | D:1      | wilfster70 the Troll Fighter began the quest for the Orb.
     0 | D:1      | Reached XP level 1. HP: 22/22 MP: 0/0
     7 | D:1      | Identified a scroll of acquirement
     7 | D:1      | Acquired the +1 hat "Boagodig" {Dex+9}
   228 | D:1      | Reached XP level 2. HP: 29/29 MP: 1/1
   228 | D:1      | Quit the game

Illustrated notes

Levels and vault maps discovered:
D:1:      kilobyte_arrival_exit_the_forest, layout_loops_ring, serial_shops,
          shop

Action                   || total
-------------------------++-------
Melee: Unarmed           ||    12
  Use: Scroll            ||     1
Armor: Robe              ||     1
Block: Kite shield       ||     6

Table legend: (Time is in decaauts)
 A = Elapsed time spent in this place.
 B = Non-inter-level travel time spent in this place.
 C = Inter-level travel time spent in this place.
 D = Time resting spent in this place.
 E = Time spent auto-exploring this place.
 F = Levels seen in this place.
 G = Mean time per level.
                   A        B        C        D        E       F      G
               +--------+--------+--------+--------+--------+-----+--------+
         Total |    230 |    230 |      0 |     78 |     83 |   1 |  230.0 |
       Dungeon |    230 |    230 |      0 |     78 |     83 |   1 |  230.0 |
               +--------+--------+--------+--------+--------+-----+--------+

Top non-repeatable levels by time:
     D:1: 230 daAuts
